[Event "Titled Tuesday Blitz January 18 2022"]
[White "Sychev, Klementy"]
[Black "Indjic, Aleksandar"]
[WhiteFideId "4114060"]
[BlackFideId "911925"]
[WhiteElo "2756"]
[BlackElo "2924"]
[Result "1-0"]
[Round "07"]
[TimeControl "180+1"]
[Date "2022.01.18"]
[WhiteClock "0:00:30"]
[BlackClock "0:00:02"]

1. e4 e5 2. Nf3 Nc6 3. Bb5 a6 4. Ba4 Bc5 5. O-O Nge7 6. Nxe5 Nxe5 7. d4 b5 8. Bb3 Bxd4 9. Qxd4 d6 10. f4 c5 11. Qd2 N5c6 12. c3 c4 13. Bc2 d5 14. f5 f6 15. Qf2 Bb7 16. exd5 Qxd5 17. Rd1 Qf7 18. Nd2 Rd8 19. Ne4 Rxd1+ 20. Bxd1 Nc8 21. Nc5 Ne5 22. Bf4 O-O 23. Bxe5 fxe5 24. Ne6 Re8 25. Qg3 g6 26. Bc2 e4 27. Rf1 Ne7 28. Ng5 Qf6 29. Bxe4 1-0


[Site "https://www.chess.com"]

[Event "Titled Tuesday Blitz January 18 2022"]
[White "Timofeev, Artyom"]
[Black "Sokolovsky, Yahli"]
[WhiteFideId "4140419"]
[BlackFideId "2820242"]
[WhiteElo "2870"]
[BlackElo "2584"]
[Result "1-0"]
[Round "07"]
[TimeControl "180+1"]
[Date "2022.01.18"]
[WhiteClock "0:00:45"]
[BlackClock "0:00:05"]

1. d4 d6 2. e4 g6 3. c3 Bg7 4. Nf3 e5 5. dxe5 dxe5 6. Qxd8+ Kxd8 7. Bc4 f6 8. Be3 b6 9. Na3 c6 10. O-O-O+ Kc7 11. Nc2 Ba6 12. Nd2 Ne7 13. f3 Rd8 14. Nb4 Bxc4 15. Nxc4 Rxd1+ 16. Rxd1 c5 17. Nd5+ Nxd5 18. Rxd5 Nc6 19. a4 Rd8 20. Kc2 Ne7 21. Rxd8 Kxd8 22. Nd6 Kd7 23. Nc4 Kc6 24. b4 cxb4 25. cxb4 Nc8 26. b5+ Kc7 27. Kd3 Bf8 28. g4 g5 29. Bf2 Bb4 30. h4 h6 31. h5 Ne7 32. Be3 Nc8 33. Bg1 Ne7 34. Kc2 Bd6 35. Kb3 Nc8 36. Ne3 Ne7 37. Nc4 Nc8 38. Bf2 Ne7 39. a5 Nc8 40. a6 Bf8 41. Ne3 Ne7 42. Kc4 Kd7 43. Be1 Nc8 44. Bb4 Bxb4 45. Kxb4 Ne7 46. Kc4 Kd6 47. Nc2 Kd7 48. Nb4 Kd6 49. Nd3 Kd7 50. Nb2 Ke6 51. Na4 Nc8 52. Kb4 Kd7 53. Nc3 Ne7 54. Kb3 Kc7 55. Na2 Kd6 56. Kc4 Kd7 57. Nb4 Kd6 58. Nd3 Kc7 59. Kc3 Kd6 60. Kb2 Kc7 61. Ka3 Kd6 62. Ka4 Kc7 63. Kb4 Kd6 64. Ne1 Kc7 65. Ng2 Kd6 66. Ne3 Kc7 67. Nd5+ Nxd5+ 68. exd5 Kd6 69. Kc4 Kd7 70. Kd3 Kd6 71. Ke4 Kc5 72. Kf5 Kxb5 73. Ke6 f5 74. d6 e4 75. d7 1-0


[Site "https://www.chess.com"]

[Event "Titled Tuesday Blitz January 18 2022"]
[White "Tsvetkov, Andrey"]
[Black "Yurovskykh, Oleksandr"]
[WhiteFideId "34139360"]
[BlackFideId "14134020"]
[WhiteElo "2280"]
[BlackElo "2292"]
[Result "1-0"]
[Round "07"]
[TimeControl "180+1"]
[Date "2022.01.18"]
[WhiteClock "0:00:35"]
[BlackClock "0:00:10"]

1. g4 d5 2. Bg2 c6 3. g5 e5 4. d4 e4 5. c4 Be6 6. Nc3 Na6 7. h4 Bd6 8. Nh3 Ne7 9. Nf4 Qb8 10. Nxe6 fxe6 11. Bh3 Qc8 12. cxd5 cxd5 13. Qa4+ Kf7 14. Bd2 Qc6 15. Qb3 Qb6 16. Qxb6 axb6 17. f3 exf3 18. O-O g6 19. Rxf3+ Nf5 20. e4 dxe4 21. Nxe4 Be7 22. d5 Nc5 23. dxe6+ Kxe6 24. Ng3 Bd6 25. Nxf5 gxf5 26. Rxf5 Ke7 27. Bc3 Rhf8 28. Bf6+ Kf7 29. Rd1 Be7 30. Bc3+ Kg8 31. Re5 Rae8 32. Rde1 Kf7 33. Bf5 Bd6 34. Rxe8 Rxe8 35. Rxe8 Kxe8 36. Bxh7 Bg3 37. g6 Ne6 38. g7 Nxg7 39. Bxg7 Bxh4 40. Bd4 Bd8 41. Be4 Kd7 42. Bxb7 Kc7 43. Be4 Be7 44. Kf2 b5 45. Ke3 b4 46. b3 Bd6 47. Kd3 Be7 48. Kc4 Bf8 49. Bc5 Bg7 50. Bxb4 Be5 51. Bc3 Bf4 52. b4 Kb6 53. a4 Ka7 54. Bd4+ Kb8 55. a5 Bh2 56. Bc5 Kc7 57. Kb5 Kb8 58. Bb6 Bd6 59. a6 Kc8 60. Bc6 Be5 61. a7 Bb8 62. axb8=Q+ Kxb8 63. Kc5 Kc8 64. Bh1 Kb8 65. Kc6 Kc8 66. Bg2 Kb8 67. b5 Kc8 68. Bf3 Kb8 69. Bc7+ Kc8 70. Bg4# 1-0


[Site "https://www.chess.com"]

[Event "Titled Tuesday Blitz January 18 2022"]
[White "Vazquez, Facundo"]
[Black "Ruiz Aguilar, Pablo Alexander"]
[WhiteFideId "3007669"]
[BlackFideId "4401352"]
[WhiteElo "1984"]
[BlackElo "2125"]
[Result "1/2-1/2"]
[Round "07"]
[TimeControl "180+1"]
[Date "2022.01.18"]
[WhiteClock "0:00:07"]
[BlackClock "0:00:05"]

1. d4 d5 2. c4 c6 3. Nc3 Nf6 4. Nf3 e6 5. e3 Bd6 6. Qc2 Nbd7 7. Bd3 O-O 8. O-O dxc4 9. Bxc4 e5 10. e4 Qe7 11. dxe5 Nxe5 12. Nxe5 Qxe5 13. g3 Qh5 14. f4 Bh3 15. Re1 Bc5+ 16. Be3 Bxe3+ 17. Rxe3 Ng4 18. Nd1 Nxe3 19. Nxe3 Qf3 20. Re1 Rad8 21. e5 Rd4 22. Qf2 Qxf2+ 23. Kxf2 Rd2+ 24. Re2 Rfd8 25. a4 Be6 26. Bxe6 fxe6 27. Nc4 Rxe2+ 28. Kxe2 Rd4 29. b3 b5 30. axb5 cxb5 31. Na5 a6 32. Nc6 Rd7 33. g4 g6 34. h4 Rc7 35. Nd8 Rc3 36. Nxe6 Rxb3 37. Ng5 h6 38. Ne4 a5 39. f5 a4 40. e6 a3 41. e7 Kf7 42. f6 Rb2+ 43. Kf3 Rb3+ 44. Ke2 Rb2+ 45. Ke3 Rb3+ 46. Kd2 Rb2+ 47. Kc3 Re2 48. Nd6+ Kxf6 49. e8=Q Rxe8 50. Nxe8+ Ke5 51. h5 gxh5 52. gxh5 b4+ 53. Kb3 Kf5 54. Ng7+ Kg5 55. Ka2 Kf6 56. Ne8+ Kf5 57. Ng7+ Kg5 58. Kb3 Kf6 59. Ne8+ Kg5 60. Ng7 Kg4 61. Ka2 Kg5 62. Kb3 1/2-1/2


[Site "https://www.chess.com"]

[Event "Titled Tuesday Blitz January 18 2022"]
[White "Wagner, Dennis"]
[Black "Romanchuk, Viktor"]
[WhiteFideId "24650684"]
[BlackFideId "14109271"]
[WhiteElo "2355"]
[BlackElo "2242"]
[Result "1-0"]
[Round "07"]
[TimeControl "180+1"]
[Date "2022.01.18"]
[WhiteClock "0:00:05"]
[BlackClock "0:00:01"]

1. c4 c6 2. e4 d5 3. exd5 cxd5 4. d4 Nf6 5. Nc3 e6 6. Nf3 Be7 7. cxd5 exd5 8. Bd3 O-O 9. h3 Nc6 10. O-O Be6 11. Re1 Re8 12. Bg5 h6 13. Bh4 Nd7 14. Bxe7 Rxe7 15. Qb3 Nb6 16. Re2 Nc4 17. Rae1 Rd7 18. Qd1 Rc8 19. Bb1 Nd6 20. g4 Qf6 21. Ne5 Rdc7 22. Qd3 g6 23. Re3 Nb4 24. Qe2 Nc6 25. Rf3 Qg5 26. Nxc6 Rxc6 27. Bd3 Kg7 28. Qe5+ Qxe5 29. Rxe5 Nc4 30. Bxc4 Rxc4 31. Rd3 Rd8 32. Kg2 a6 33. Rd2 b5 34. a3 Rc6 35. Re1 Rdc8 36. Ne2 Rc2 37. Red1 Kf6 38. Nf4 Ke7 39. Nd3 Rxd2 40. Rxd2 Rc4 41. Nc5 a5 42. Nb3 a4 43. Nc5 Rc1 44. f4 Kd6 45. Kf2 Rh1 46. Kg2 Rc1 47. Kg3 Rg1+ 48. Rg2 Rd1 49. Na6 Rxd4 50. Nb4 Rc4 51. Rf2 d4 52. f5 gxf5 53. gxf5 Bd5 54. Kf4 Rc1 55. Rd2 Kc5 56. Nd3+ 1-0


[Site "https://www.chess.com"]

[Event "Titled Tuesday Blitz January 18 2022"]
[White "Weetik, Vjacheslav"]
[Black "Firat, Burak"]
[WhiteFideId "4153472"]
[BlackFideId "6305881"]
[WhiteElo "2764"]
[BlackElo "2680"]
[Result "0-1"]
[Round "07"]
[TimeControl "180+1"]
[Date "2022.01.18"]
[WhiteClock "0:00:05"]
[BlackClock "0:01:12"]

1. e4 c5 2. Nf3 Nc6 3. Bb5 e6 4. O-O Nge7 5. Re1 a6 6. Bf1 d5 7. exd5 Qxd5 8. Nc3 Qd8 9. Ne4 Nf5 10. a3 Be7 11. b4 cxb4 12. axb4 Bxb4 13. Bb2 O-O 14. Bd3 Be7 15. Rb1 b5 16. Ng3 Nxg3 17. hxg3 Bb7 18. Be4 Bf6 19. d4 Na5 20. Bxb7 Nxb7 21. g4 h6 22. Qd3 Nd6 23. Ba3 Re8 24. Bc5 Nc4 25. g3 Qd5 26. Kg2 Rad8 27. Rh1 e5 28. Rh5 g6 29. dxe5 Qxc5 0-1


[Site "https://www.chess.com"]

[Event "Titled Tuesday Blitz January 18 2022"]
[White "Wong, Yinn Long"]
[Black "Maksimovic, Bojan"]
[WhiteFideId "5707684"]
[BlackFideId "14408120"]
[WhiteElo "2845"]
[BlackElo "2753"]
[Result "0-1"]
[Round "07"]
[TimeControl "180+1"]
[Date "2022.01.18"]
[WhiteClock "0:00:03"]
[BlackClock "0:00:04"]

1. e4 c5 2. Nc3 Nc6 3. f4 g6 4. Nf3 Bg7 5. Bb5 Nd4 6. O-O a6 7. Bc4 b5 8. Bd5 Rb8 9. d3 e6 10. Bb3 Nxb3 11. axb3 Ne7 12. Be3 Qc7 13. d4 Bb7 14. dxc5 b4 15. Bd4 f6 16. Na4 Bxe4 17. Qe2 Bb7 18. Nb6 O-O 19. Qd2 Nf5 20. Nc4 Rbc8 21. c3 bxc3 22. bxc3 Rce8 23. Rae1 Kh8 24. b4 Bxf3 25. Rxf3 e5 26. fxe5 fxe5 27. Be3 e4 28. Rff1 Qc6 29. Bf4 Qe6 30. Ne3 Nxe3 31. Bxe3 Qc4 32. Rxf8+ Rxf8 33. Rc1 Qd3 34. Qxd3 exd3 35. Bd2 Re8 36. Re1 Rxe1+ 37. Bxe1 Bh6 38. b5 axb5 39. Bf2 d2 40. Bd4+ Kg8 41. h4 d1=Q+ 0-1


[Site "https://www.chess.com"]

[Event "Titled Tuesday Blitz January 18 2022"]
[White "Yang, Kaiqi"]
[Black "Havanecz, Bianka"]
[WhiteFideId "8604398"]
[BlackFideId "704814"]
[WhiteElo "2373"]
[BlackElo "2338"]
[Result "1-0"]
[Round "07"]
[TimeControl "180+1"]
[Date "2022.01.18"]
[WhiteClock "0:00:15"]
[BlackClock "0:00:03"]

1. c4 c5 2. Nf3 Nc6 3. Nc3 g6 4. e3 Bg7 5. d4 cxd4 6. exd4 d6 7. Be2 Nf6 8. d5 Nb8 9. O-O O-O 10. Re1 a6 11. h3 Nbd7 12. Bf1 Rb8 13. Nd4 Re8 14. Bg5 Qc7 15. Rc1 h6 16. Bh4 g5 17. Bg3 Nf8 18. b4 Ng6 19. c5 g4 20. cxd6 exd6 21. Ncb5 Rxe1 22. Qxe1 Qd8 23. Nxd6 Ra8 24. Nxc8 Rxc8 25. Rxc8 Qxc8 26. d6 gxh3 27. gxh3 Nf8 28. Qe5 Qd7 29. Nf5 Ng6 30. Qc5 Ne4 31. Qd5 Nxg3 32. fxg3 Bf8 33. Bc4 b5 34. Bb3 h5 35. Kg2 h4 36. Qd3 hxg3 37. Nh6+ Bxh6 38. Qxg6+ Kf8 39. Qxh6+ Ke8 40. Qh8# 1-0


[Site "https://www.chess.com"]

[Event "Titled Tuesday Blitz January 18 2022"]
[White "Yuan, Qingyu"]
[Black "Iljushina, Olga"]
[WhiteFideId "8609772"]
[BlackFideId "4152280"]
[WhiteElo "2359"]
[BlackElo "1937"]
[Result "1-0"]
[Round "07"]
[TimeControl "180+1"]
[Date "2022.01.18"]
[WhiteClock "0:00:47"]
[BlackClock "0:00:04"]

1. Nf3 c5 2. g3 Nc6 3. Bg2 e5 4. O-O g6 5. c4 Bg7 6. Nc3 Nge7 7. a3 O-O 8. d3 d6 9. Rb1 f5 10. Ne1 a5 11. Bg5 h6 12. Bxe7 Nxe7 13. Nc2 Rb8 14. b4 axb4 15. axb4 e4 16. Nb5 Be6 17. dxe4 Bxc4 18. Nxd6 Bxe2 19. Qxe2 Qxd6 20. Qc4+ Kh7 21. bxc5 Qc7 22. Ne3 f4 23. Nd5 Nxd5 24. exd5 Rbc8 25. Rfc1 fxg3 26. hxg3 Qf7 27. Rc2 Be5 28. Qe2 Bd4 29. d6 Bxc5 30. Rxb7 Bxf2+ 31. Qxf2 Qxb7 32. Bxb7 Rxf2 33. Rxc8 Rd2 34. Rc7+ Kg8 35. d7 Kf8 36. Bc6 Ke7 37. Rc8 g5 38. Re8+ 1-0


[Site "https://www.chess.com"]

[Event "Titled Tuesday Blitz January 18 2022"]
[White "Zhuravlev, Alexey"]
[Black "Tristan, Leonardo"]
[WhiteFideId "4164199"]
[BlackFideId "113816"]
[WhiteElo "2534"]
[BlackElo "2404"]
[Result "1-0"]
[Round "07"]
[TimeControl "180+1"]
[Date "2022.01.18"]
[WhiteClock "0:00:08"]
[BlackClock "0:00:02"]

1. e4 d5 2. exd5 Qxd5 3. Nc3 Qa5 4. b4 Qxb4 5. Rb1 Qd6 6. Bb2 c6 7. Nf3 Nf6 8. Bc4 e6 9. O-O Be7 10. Qe2 O-O 11. d3 Nbd7 12. a4 Nb6 13. Bb3 Nbd5 14. Ne4 Qc7 15. c4 Nf4 16. Qe3 Ng6 17. d4 b6 18. Rfd1 Bb7 19. Ng3 Rfe8 20. Ng5 Qf4 21. N3e4 Qxe3 22. fxe3 c5 23. d5 exd5 24. cxd5 Nxe4 25. Nxe4 Bf8 26. Ng5 Rxe3 27. Bc1 Re7 28. d6 Rd7 29. Nxf7 Rxf7 30. Rf1 Ne5 31. Be6 Bxd6 32. Bb2 Rf8 33. Rbd1 Bb8 34. Bxe5 Bxe5 35. Rd7 Bc8 36. Rdxf7 Rxf7 37. Bxf7+ Kh8 38. Re1 Bd4+ 39. Kh1 Bd7 40. Re7 Bxa4 41. Rxa7 Bc6 42. Rc7 Bxg2+ 43. Kxg2 g5 44. Bc4 h5 45. Kf3 g4+ 46. Kf4 Bg1 47. Kg5 Bxh2 48. Rb7 g3 49. Bd5 c4 50. Kg6 g2 51. Bxg2 c3 52. Rd7 1-0


[Site "https://www.chess.com"]

[Event "Titled Tuesday Blitz January 18 2022"]
[White "Zotova, Anastasia"]
[Black "Milchev, Nikolay"]
[WhiteFideId "34124907"]
[BlackFideId "2906090"]
[WhiteElo "1860"]
[BlackElo "2449"]
[Result "0-1"]
[Round "07"]
[TimeControl "180+1"]
[Date "2022.01.18"]
[WhiteClock "0:01:46"]
[BlackClock "0:01:49"]

1. d4 Nf6 2. Bg5 c5 3. e3 Ne4 4. Bh4 d5 5. Nf3 Nc6 6. Nbd2 Nxd2 7. Qxd2 Qb6 8. c3 e6 9. Be2 Bd6 10. O-O O-O 11. dxc5 Bxc5 12. Nd4 e5 13. Nb3 Be6 14. Nxc5 Qxc5 15. Rac1 f6 16. b3 Rfd8 17. Qb2 Rac8 18. c4 d4 19. exd4 Rxd4 20. Bf3 Rxh4 21. Bxc6 Qxc6 22. Rfd1 a5 23. c5 Rg4 24. g3 Qe4 25. Rc4 Bxc4 0-1


[Site "https://www.chess.com"]

[Event "Titled Tuesday Blitz January 18 2022"]
[White "Albornoz Cabrera, Carlos Daniel"]
[Black "Bluebaum, Matthias"]
[WhiteFideId "3518736"]
[BlackFideId "24651516"]
[WhiteElo "2490"]
[BlackElo "2550"]
[Result "1/2-1/2"]
[Round "08"]
[TimeControl "180+1"]
[Date "2022.01.18"]
[WhiteClock "0:00:08"]
[BlackClock "0:00:17"]

1. e4 c6 2. Nf3 d5 3. Nc3 dxe4 4. Nxe4 Nf6 5. Qe2 Nxe4 6. Qxe4 Nd7 7. d4 Nf6 8. Qh4 Bf5 9. c3 e6 10. Bc4 Be7 11. Bg5 h6 12. O-O O-O 13. Bxf6 Bxf6 14. Qf4 Qb6 15. Bb3 a5 16. Qd2 a4 17. Bc4 Rfd8 18. Qe2 c5 19. dxc5 Qxc5 20. a3 Rd6 21. Rad1 Rad8 22. Rxd6 Rxd6 23. Bb5 Qd5 24. Re1 Qb3 25. Bc4 Qc2 26. Qxc2 Bxc2 27. Re2 Rd1+ 28. Re1 Rd8 29. Re2 Bd1 30. Re1 Bxf3 31. gxf3 Rd2 32. Re2 Bg5 33. Rxd2 Bxd2 34. b3 axb3 35. Bxb3 Bxc3 36. a4 g5 37. Bc4 Kg7 38. Kg2 Kf6 39. Bb5 Kf5 40. Be8 f6 41. Bd7 Ke5 42. Bc8 b6 43. Bd7 Kd6 44. Bb5 Be5 45. Be8 Bf4 46. Bb5 Kc5 47. h3 Kd4 48. Kf1 Kc3 49. Ke2 Kd4 50. Bd7 Ke5 51. Bb5 Bc1 52. Bd7 Ba3 53. Bb5 Bc5 54. Bd7 f5 55. Bb5 Kf6 56. Kf1 e5 57. Bd7 Bd4 58. Kg2 e4 59. fxe4 fxe4 60. Bc6 Ke5 61. Bb7 Bc3 62. Bc6 Kd4 63. Bb7 Bd2 64. Bc6 Be1 65. Bb7 h5 66. Bc6 g4 67. hxg4 hxg4 68. Kf1 Bxf2 69. Kxf2 Kd3 70. Bb5+ Kd2 71. Kg3 e3 72. Kxg4 e2 73. Bxe2 Kxe2 74. Kf4 Kd3 75. Ke5 Kc4 76. Kd6 Kb4 77. Kc6 Kxa4 78. Kxb6 1/2-1/2


[Site "https://www.chess.com"]

[Event "Titled Tuesday Blitz January 18 2022"]
[White "Aloma Vidal, Robert"]
[Black "Van der Werf, Mark"]
[WhiteFideId "2260409"]
[BlackFideId "1000470"]
[WhiteElo "2435"]
[BlackElo "2398"]
[Result "1-0"]
[Round "08"]
[TimeControl "180+1"]
[Date "2022.01.18"]
[WhiteClock "0:00:12"]
[BlackClock "0:00:01"]

1. e4 d6 2. d4 Nf6 3. Nc3 g6 4. h4 h5 5. Nf3 Bg4 6. Be2 Nc6 7. d5 Bxf3 8. Bxf3 Ne5 9. Be2 Bg7 10. Bg5 c6 11. O-O O-O 12. g3 Qb6 13. Rb1 a5 14. Kg2 a4 15. a3 Qa5 16. f3 Rac8 17. Qd4 cxd5 18. exd5 Ra8 19. Rfd1 Rfc8 20. Qb4 Qxb4 21. axb4 a3 22. Bd2 axb2 23. Rxb2 Nc4 24. Bxc4 Rxc4 25. Rb3 Rac8 26. Be1 Nd7 27. Rd3 Ne5 28. Re3 Kf8 29. Kh3 Nd7 30. f4 Nf6 31. Rd3 Ng4 32. Kg2 Ra8 33. Kf3 Ra1 34. Ke2 Nh6 35. Bd2 Nf5 36. b5 Rg1 37. Kf2 Rh1 38. Kg2 Ra1 39. b6 Bd4 40. Ne2 Bc5 41. c3 Ra2 42. Kf3 Ra6 43. Rb1 Rxb6 44. Rxb6 Bxb6 45. Be1 Bc5 46. Rd1 Ra4 47. Rb1 b6 48. Bd2 Ra2 49. Be1 Rc2 50. Ra1 Kg7 51. Rb1 Ne3 52. Ke4 f5+ 53. Kd3 1-0


[Site "https://www.chess.com"]

[Event "Titled Tuesday Blitz January 18 2022"]
[White "Ambartsumova, Karina"]
[Black "Bauer, Thomas"]
[WhiteFideId "4166299"]
[BlackFideId "1639293"]
[WhiteElo "2262"]
[BlackElo "2220"]
[Result "0-1"]
[Round "08"]
[TimeControl "180+1"]
[Date "2022.01.18"]
[WhiteClock "0:00:04"]
[BlackClock "0:01:12"]

1. c4 g6 2. d4 Bg7 3. Nf3 d6 4. Nc3 c6 5. g3 e5 6. Bg2 Ne7 7. dxe5 dxe5 8. Qxd8+ Kxd8 9. Bg5 f6 10. O-O-O+ Kc7 11. Be3 Na6 12. Ne4 Be6 13. b3 b6 14. Bd2 h6 15. Bc3 Rad8 16. Rxd8 Rxd8 17. Rd1 Rxd1+ 18. Kxd1 b5 19. Ned2 Nc8 20. cxb5 cxb5 21. Ne1 b4 22. Bb2 Nc5 23. Nc2 a5 24. Ne3 Nb6 25. f4 exf4 26. gxf4 a4 27. Bd4 axb3 28. Bxc5 bxa2 29. Bd4 Na4 30. Bd5 Nc3+ 31. Bxc3 bxc3 32. Nb3 Bd7 33. Kc2 Ba4 34. Kxc3 Bxb3 0-1


[Site "https://www.chess.com"]

[Event "Titled Tuesday Blitz January 18 2022"]
[White "Arabidze, Meri"]
[Black "Ianov, Viktor"]
[WhiteFideId "13604040"]
[BlackFideId "14102730"]
[WhiteElo "2329"]
[BlackElo "2215"]
[Result "1-0"]
[Round "08"]
[TimeControl "180+1"]
[Date "2022.01.18"]
[WhiteClock "0:01:20"]
[BlackClock "0:01:29"]

1. Nf3 d6 2. g3 g6 3. d4 Bg7 4. Bg2 Nf6 5. O-O O-O 6. a4 a5 7. Re1 c6 8. e4 Bg4 9. Nc3 Na6 10. h3 Bxf3 11. Bxf3 Nb4 12. Bg2 d5 13. e5 Ne8 14. Ne2 f6 15. c3 Na6 16. f4 Nec7 17. Kh2 fxe5 18. dxe5 Ne6 19. Nd4 Nac5 20. Be3 Nxd4 21. cxd4 Ne6 22. Qd2 Qb6 23. Rf1 Rf7 24. Rf2 Raf8 25. Raf1 Bh6 26. h4 Ng7 27. g4 Ne6 28. g5 Bg7 29. Bh3 Nc7 30. f5 gxf5 31. Bxf5 Kh8 32. e6 Rxf5 33. Rxf5 Nxe6 34. Rxf8+ Bxf8 35. h5 Bg7 36. h6 Bf8 37. Qf2 Qc7+ 38. Kg2 Qd6 39. Qxf8+ 1-0


[Site "https://www.chess.com"]

[Event "Titled Tuesday Blitz January 18 2022"]
[White "Artem_Koval"]
[Black "Papasimakopoulos, Alexandros"]
[BlackFideId "4244125"]
[WhiteElo "2501"]
[BlackElo "2340"]
[Result "0-1"]
[Round "08"]
[TimeControl "180+1"]
[Date "2022.01.18"]
[WhiteClock "0:00:33"]
[BlackClock "0:00:20"]

1. d4 f5 2. Bf4 Nf6 3. e3 g6 4. h4 h6 5. Nf3 d6 6. Nc3 Bg7 7. Bd3 O-O 8. Qe2 Nc6 9. O-O-O e6 10. Kb1 Bd7 11. e4 fxe4 12. Nxe4 Nd5 13. Bc1 Nf4 14. Bxf4 Rxf4 15. c3 e5 16. dxe5 Nxe5 17. Nxe5 Bxe5 18. g3 Rf8 19. f4 Bg7 20. h5 gxh5 21. Qxh5 Qe8 22. Qf3 Bf5 23. g4 Bh7 24. g5 d5 25. Nf6+ Bxf6 26. Bxh7+ Kxh7 27. Rxh6+ Kg8 28. gxf6 Qe4+ 29. Qxe4 dxe4 30. Rg1+ Kf7 31. f5 Rg8 32. Rh7+ Kxf6 33. Rxc7 Rxg1+ 34. Kc2 Rd8 35. Rxb7 e3 36. Rxa7 e2 37. Ra6+ Kxf5 38. Rf6+ Kxf6 0-1


[Site "https://www.chess.com"]

[Event "Titled Tuesday Blitz January 18 2022"]
[White "Artemenko, Oleg"]
[Black "Rodchenkov, Sergey D."]
[WhiteFideId "14201798"]
[BlackFideId "4168712"]
[WhiteElo "2287"]
[BlackElo "2306"]
[Result "0-1"]
[Round "08"]
[TimeControl "180+1"]
[Date "2022.01.18"]
[WhiteClock "0:01:09"]
[BlackClock "0:00:49"]

1. d4 d5 2. Nc3 Nf6 3. Bf4 a6 4. e3 e6 5. g4 c5 6. Bg2 Nc6 7. g5 Nd7 8. Nf3 Nb6 9. Ne2 Bd6 10. c3 Bxf4 11. Nxf4 c4 12. h4 Qc7 13. h5 Bd7 14. Qd2 O-O-O 15. O-O-O Kb8 16. g6 f6 17. h6 hxg6 18. hxg7 Rhg8 19. Rh7 g5 20. Nh5 Be8 21. Nxf6 Bg6 22. Nxg8 Bxh7 23. Nf6 Qxg7 24. Nxh7 Qxh7 25. Nxg5 Qg6 26. f4 e5 27. Qc2 Qg8 28. Rh1 exf4 29. exf4 Rf8 30. Rh4 Nd8 31. Qe2 Rxf4 32. Rxf4 Qxg5 33. Qf2 Ne6 34. Kb1 Qxf4 35. Qe2 Qf5+ 36. Ka1 Ka7 37. a3 Nf4 38. Qf3 Qg5 39. Bf1 Nd3 40. Bxd3 cxd3 41. Qxd3 Qc1+ 42. Ka2 Nc4 43. Qe2 Qd2 44. Qxd2 Nxd2 45. b3 b5 46. Kb2 Kb6 47. Kc2 Ne4 48. Kd3 Nd6 49. Ke3 a5 50. Kf4 a4 51. bxa4 bxa4 52. Ke5 Kc6 53. Kf4 Nc4 54. Kf3 Nxa3 55. Ke3 Nc4+ 56. Kd3 a3 57. Kc2 Kb5 58. Kb3 Ka5 59. Ka2 Ka4 60. Ka1 Kb3 61. Kb1 Kxc3 62. Ka2 Kxd4 63. Kb3 Kc5 64. Ka2 d4 65. Ka1 d3 66. Kb1 d2 67. Ka2 Kb4 68. Kb1 d1=Q+ 69. Ka2 Qc2+ 70. Ka1 Qb2# 0-1


[Site "https://www.chess.com"]

[Event "Titled Tuesday Blitz January 18 2022"]
[White "Aydin, Gulenay"]
[Black "Iskusnyh, Sergei"]
[WhiteFideId "34557431"]
[BlackFideId "4120027"]
[WhiteElo "1429"]
[BlackElo "2492"]
[Result "0-1"]
[Round "08"]
[TimeControl "180+1"]
[Date "2022.01.18"]
[WhiteClock "0:00:16"]
[BlackClock "0:01:20"]

1. e4 e6 2. d4 d5 3. Nd2 c5 4. Ngf3 Nc6 5. exd5 exd5 6. Bb5 cxd4 7. Nxd4 Bd7 8. Nxc6 bxc6 9. Bd3 Bd6 10. O-O Nf6 11. Re1+ Be6 12. Bf5 O-O 13. Bxe6 fxe6 14. Rxe6 Qc7 15. g3 Qd7 16. Re2 Qh3 17. Nf1 Ng4 18. Be3 Rf5 19. Qd3 Ne5 20. Qa6 Nf3+ 21. Kh1 Rh5 22. Qxc6 Qxf1+ 23. Rxf1 Rxh2# 0-1


[Site "https://www.chess.com"]

[Event "Titled Tuesday Blitz January 18 2022"]
[White "Barria Zuniga, Daniel"]
[Black "Ozates, Tuna"]
[WhiteFideId "3400816"]
[BlackFideId "6354521"]
[WhiteElo "2414"]
[BlackElo "1872"]
[Result "1-0"]
[Round "08"]
[TimeControl "180+1"]
[Date "2022.01.18"]
[WhiteClock "0:00:14"]
[BlackClock "0:00:02"]

1. d4 Nf6 2. c4 c5 3. d5 g6 4. Nc3 Bg7 5. e4 d6 6. h3 O-O 7. Nf3 e5 8. g4 a6 9. Bd3 b5 10. b3 h6 11. Bd2 Kh7 12. Ne2 Nbd7 13. Ng3 Nb6 14. a4 Bd7 15. Kf1 bxa4 16. bxa4 Qe8 17. a5 Na4 18. Qc2 Rb8 19. Ra2 Ng8 20. Kg2 Ne7 21. Rb1 Rxb1 22. Qxb1 Qb8 23. Qc2 Qe8 24. Qb3 Qb8 25. Bc2 f5 26. Qxb8 Rxb8 27. Bxa4 Bxa4 28. Rxa4 f4 29. Ne2 Bf6 30. Ra2 Nc8 31. Nc3 Rb4 32. Ra4 Rb2 33. Kf1 Bd8 34. Ke2 Ne7 35. Kd3 Rb4 36. Ra2 Rb7 37. Ne1 Kg7 38. Nc2 Kf6 39. f3 Kg5 40. Be1 h5 41. h4+ Kf6 42. g5+ Kf7 43. Bd2 Ke8 44. Ra3 Kd7 45. Ra1 Kc8 46. Ne1 Kb8 47. Kc2 Nc8 48. Nd3 Na7 49. Na4 Nc8 50. Rb1 Ka7 51. Rxb7+ Kxb7 52. Naxc5+ dxc5 53. Nxc5+ Ka7 54. Nd3 Bc7 55. c5 Kb7 56. Kb3 Na7 57. Bc3 Nb5 58. Bxe5 Bxa5 59. Nxf4 Be1 60. Nxg6 Bf2 61. c6+ Kb6 62. f4 a5 63. f5 Bc5 64. f6 Nd6 65. Bxd6 Bxd6 66. Ka4 1-0


[Site "https://www.chess.com"]

[Event "Titled Tuesday Blitz January 18 2022"]
[White "Belyakov, Bogdan"]
[Black "Kamsky, Gata"]
[WhiteFideId "24104795"]
[BlackFideId "2000024"]
[WhiteElo "2407"]
[BlackElo "2645"]
[Result "1/2-1/2"]
[Round "08"]
[TimeControl "180+1"]
[Date "2022.01.18"]
[WhiteClock "0:00:21"]
[BlackClock "0:00:03"]

1. e4 c5 2. c3 Nf6 3. e5 Nd5 4. d4 cxd4 5. cxd4 Nc6 6. Nf3 d6 7. Bc4 dxe5 8. dxe5 Nb6 9. Qxd8+ Nxd8 10. Bb3 Nc6 11. Nc3 Bg4 12. e6 Bxe6 13. Bxe6 fxe6 14. O-O g6 15. Re1 Bg7 16. Rxe6 Bxc3 17. bxc3 O-O-O 18. Bg5 Rd6 19. Re2 Re8 20. Rae1 Rd3 21. Re3 Rxe3 22. Bxe3 Nc4 23. h4 e5 24. Ng5 h5 25. Ne4 Rd8 26. Bg5 Rd5 27. f3 a5 28. Kf2 a4 29. g4 Rb5 30. gxh5 gxh5 31. Ng3 Rb2+ 32. Re2 a3 33. Nxh5 b5 34. Bc1 b4 35. cxb4 Nxb4 36. Bxb2 axb2 37. Rxb2 Nxb2 38. Nf6 Kd8 39. h5 Ke7 40. Ng4 Nc4 41. h6 Kf7 42. a4 Nd3+ 43. Kg3 Kg6 44. a5 Nc5 45. a6 Nxa6 46. h7 Kxh7 47. Nxe5 Nxe5 48. f4 Nd7 49. f5 Nf6 50. Kf4 Nc5 51. Ke5 Ncd7+ 52. Ke6 Kh6 53. Kd6 Kg5 54. Ke6 Kf4 55. Kd6 Ke4 56. Ke6 Kd4 57. Kd6 Kc4 58. Kc6 Nc5 59. Kd6 Nce4+ 60. Ke5 Kc5 61. Kf4 Kd4 62. Kf3 Nc3 63. Kf4 Ncd5+ 64. Kf3 Kd3 65. Kg3 Ke2 66. Kh4 Kf3 67. Kg5 Ke4 68. Kg6 Ke5 69. Kg5 Nf4 70. Kh4 N4h5 71. Kg5 Ke4 72. Kg6 Kf4 73. Kf7 Ke5 74. Kg6 Ng3 75. Kg5 Nge4+ 76. Kg6 Kd6 77. Kf7 Kd7 78. Kg7 Ke7 79. Kg6 Kf8 80. Kh6 Ke7 81. Kg6 Ke8 82. Kg7 Ke7 83. Kg6 1/2-1/2


[Site "https://www.chess.com"]

[Event "Titled Tuesday Blitz January 18 2022"]
[White "Bortnyk, Olexandr"]
[Black "Deac, Bogdan-Daniel"]
[WhiteFideId "14120828"]
[BlackFideId "1226380"]
[WhiteElo "2723"]
[BlackElo "2646"]
[Result "0-1"]
[Round "08"]
[TimeControl "180+1"]
[Date "2022.01.18"]
[WhiteClock "0:00:01"]
[BlackClock "0:01:30"]

1. e4 e5 2. Nf3 Nf6 3. Nxe5 d6 4. Nf3 Nxe4 5. Bd3 Nf6 6. O-O Be7 7. c3 Bg4 8. Bc2 O-O 9. d4 d5 10. Re1 Nbd7 11. Bf4 Re8 12. Nbd2 Nf8 13. h3 Bh5 14. Nf1 Bd6 15. Rxe8 Nxe8 16. Bxd6 Nxd6 17. Ng3 Bg6 18. Bxg6 Nxg6 19. Qb3 c6 20. Re1 Qc7 21. Re3 Re8 22. Rxe8+ Nxe8 23. Nf5 Ne7 24. Ne3 Nd6 25. Ne5 Nef5 26. Nxf5 Nxf5 27. Qa3 a6 28. Qc5 g6 29. Ng4 Kg7 30. Ne5 Nd6 31. Qa7 f6 32. Nd3 Qe7 33. Kf1 Nc4 34. f3 Qe3 35. Qxb7+ Kh6 0-1


[Site "https://www.chess.com"]